 Dungeon Crawl Stone Soup version 0.27-a0-887-gcab673c142 (webtiles) character file.

Game seed: 369909667000255840

32 rageheart7 the Skirmisher (level 3, -4/29 HPs)
             Began as a Demonspawn Monk on Apr 4, 2021.
             Was an Initiate of Gozag.
             Slain by a hobgoblin (5 damage)
             ... led by Robin
             ... on level 2 of the Dungeon.
             The game lasted 00:01:17 (1439 turns).

rageheart7 the Skirmisher (Demonspawn Monk)         Turns: 1439, Time: 00:01:19

Health: -4/29      AC:  3    Str: 12    XL:     3   Next: 8%
Magic:  3/3        EV: 12    Int: 11    God:    Gozag
Gold:   178        SH:  0    Dex: 15    Spells: 2/2 levels left

rFire    . . .     SeeInvis .   a - +0 mace
rCold    . . .     Faith    .   (no shield)
rNeg     . . .     Spirit   .   b - +1 robe
rPois    .         Reflect  .   (no helmet)
rElec    .         Harm     .   (no cloak)
rCorr    .         Rampage  .   (no gloves)
Will     .....                  (no boots)
Stlth    ++........             (no amulet)
HPRegen  0.09/turn              (no ring)
MPRegen  0.08/turn              (no ring)

@: gold aura
A: sturdy frame 1
a: Renounce Religion, Potion Petition, Call Merchant, Bribe Branch


You were on level 2 of the Dungeon.
You worshipped Gozag.
Gozag was aware of your devotion.
You visited 1 branch of the dungeon, and saw 2 of its levels.

You collected 178 gold pieces.

Inventory:

Hand Weapons
 a - a +0 mace (weapon)
Armour
 b - a +1 robe (worn)
Potions
 d - a potion of heal wounds {unknown}
 e - a potion of degeneration {unknown}
 f - a potion of resistance {unknown}


   Skills:
 * Level 3.5 Fighting
 * Level 3.2 Maces & Flails
 - Level 2.6 Dodging
 + Level 2.2 Stealth


You had 2 spell levels left.
You didn't know any spells.
Your spell library was empty.

Dungeon Overview and Level Annotations

Branches:
Dungeon (2/15)

Altars:
Gozag

Annotations:
D:2 Robin


Innate Abilities, Weirdness & Mutations

Your movements are slightly less encumbered by armour. (ER -2)


Message History

You closely miss the hobgoblin. The hobgoblin hits you.
The goblin becomes distracted by the nearby gold, dreaming of imaginary riches.
The goblin closely misses you. The hobgoblin hits you.
The goblin shouts!
You hit the hobgoblin.
The hobgoblin is lightly wounded.
The goblin is no longer distracted by gold.
The goblin barely misses you.
The goblin becomes distracted by the nearby gold, dreaming of imaginary riches. x2
The hobgoblin hits you. The goblin barely misses you.
The goblin shouts! x2
You hit the goblin.
The goblin is heavily wounded.
The hobgoblin becomes distracted by the nearby gold, dreaming of imaginary riches.
The goblin barely misses you.
The hobgoblin shouts!
You closely miss the goblin.
The goblin is heavily wounded.
The hobgoblin is no longer distracted by gold.
The hobgoblin hits you. The goblin hits you with a +0 dagger.
* * * LOW HITPOINT WARNING * * *
Unknown command.
You completely miss the goblin.
The goblin is moderately wounded.
The goblin is no longer distracted by gold. x2
The hobgoblin hits you.
* * * LOW HITPOINT WARNING * * *
The goblin misses you.
Robin says, "Kneel, worm!"
The hobgoblin hits you.
* * * LOW HITPOINT WARNING * * *
As you read the scroll labelled GOPILU VANT, it crumbles to dust.
It is a scroll of enchant armour.
Your +0 robe glows green for a moment.
The goblin hits you with a +0 dagger.
* * * LOW HITPOINT WARNING * * *
Robin roars a battlecry!
The goblins go into a battle-frenzy!
The hobgoblin hits you.
You die...
Your body crumbles into a pile of gold.

#...........######
#.................
#............#####
#............#
#............#
+............#
#............#
#g###.#+####.. #@#
#...$ ..#. #g# .##
#.#. #g# . .# #
#gg.....#
.gg..#... ####..#
....


..ggg ..g.g You could see Robin, 2 hobgoblins and 4 goblins.

Vanquished Creatures
  2 dart slugs (D:1)
  4 bats (D:1)
  2 endoplasms (D:1)
  5 goblins
  2 hobgoblins (D:1)
  2 kobolds (D:1)
  2 quokkas (D:2)
  3 ball pythons
  A frilled lizard (D:2)
  4 rats
27 creatures vanquished.

Notes
Turn   | Place    | Note
-------+----------+-------------------------------------------
     0 | D:1      | rageheart7 the Demonspawn Monk began the quest for the Orb.
     0 | D:1      | Reached XP level 1. HP: 18/18 MP: 1/1
   291 | D:1      | Found a faded altar of an unknown god.
   339 | D:1      | Became a worshipper of Gozag Ym Sagoz the Greedy
   375 | D:1      | Gained mutation: Your movements are slightly less
                  | encumbered by armour. (ER -2) [demonic ancestry]
   375 | D:1      | Reached XP level 2. HP: 9/24 MP: 2/2
  1273 | D:2      | Reached XP level 3. HP: 20/29 MP: 3/3
  1423 | D:2      | Noticed Robin
  1439 | D:2      | HP: 1/29 [goblin/+0 dagger[Robin] (2)]
  1439 | D:2      | Slain by a hobgoblin

Illustrated notes

Levels and vault maps discovered:
D:1:      lightli_arrival_noodles, layout_loops_ring, basic_ecumenical_altar,
          chequers_serial_rivers_small_a, kennysheep_boxes
D:2:      layout_basic, minmay_tetromino_s2, uniq_robin

Skill      XL: |  1  2 |
---------------+-------+-----
Stealth        | 2 |  2.2
Maces & Flails | 3 |  3.2
Fighting       | |  3.5
Dodging        | |  2.6

Action                   || total
-------------------------++-------
Melee: Mace              ||    74
  Use: Scroll            ||     1
 Stab: Sleeping          ||     6
       Distracted        ||     1
Armor: Robe              ||    12
Dodge: Dodged            ||    49

Table legend: (Time is in decaauts)
 A = Elapsed time spent in this place.
 B = Non-inter-level travel time spent in this place.
 C = Inter-level travel time spent in this place.
 D = Time resting spent in this place.
 E = Time spent auto-exploring this place.
 F = Levels seen in this place.
 G = Mean time per level.
                   A        B        C        D        E       F      G
               +--------+--------+--------+--------+--------+-----+--------+
         Total |   1499 |   1428 |     71 |      0 |   1213 |   2 |  749.5 |
       Dungeon |   1499 |   1428 |     71 |      0 |   1213 |   2 |  749.5 |
               +--------+--------+--------+--------+--------+-----+--------+

Top non-repeatable levels by time:
     D:1: 1305 daAuts
     D:2: 193 daAuts
